 Dungeon Crawl Stone Soup version 0.21.1-1-g345015f (webtiles) character file.

1851 buskinjo2 the Changer (level 9, -4/53 HPs)
             Began as an Octopode Transmuter on Mar 1, 2018.
             Slain by an orc warrior
             ... wielding a +0 flail
              (18 damage)
             ... on level 6 of the Dungeon on Mar 2, 2018.
             The game lasted 00:21:18 (8482 turns).

buskinjo2 the Changer (Octopode Transmuter)         Turns: 8482, Time: 00:21:19

Health: -4/53      AC:  2    Str: 10    XL:     9   Next: 12%
Magic:  15/18      EV: 19    Int: 18    God:
Gold:   220        SH:  5    Dex: 17    Spells: 10/20 levels left

rFire    . . .     SeeInvis .     - Unarmed
rCold    . . .     Gourm    .   (shield currently unavailable)
rNeg     . . .     Faith    .   (helmet currently unavailable)
rPois    x         Spirit   .   y - +5 amulet of reflection
rElec    .         Reflect  +   (no ring)
rCorr    .         Harm     .   (no ring)
MR       .....                  (no ring)
Stlth    ++........             (no ring)
HPRegen  0.17/turn              (no ring)
MPRegen  0.16/turn              (no ring)
                                (no ring)
                                (no ring)

@: spider-form
A: tiny, almost no armour, stealthy swim, (amphibious), 8 rings, (constrict 8)
a: End Transformation


You were on level 6 of the Dungeon.
You were not hungry.
You were a venomous arachnid creature.
You visited 1 branch of the dungeon, and saw 6 of its levels.

You collected 220 gold pieces.

Inventory:

Hand Weapons
 u - a +0 whip of electrocution
Missiles
 a - 52 arrows
Armour
 n - a cursed +0 buckler
Magical Staves
 l - an uncursed staff of poison
Jewellery
 y - a +5 amulet of reflection (around neck)
Wands
 m - a wand of digging (7)
 s - a wand of acid (4)
 x - a wand of disintegration (7)
Scrolls
 d - 4 scrolls of remove curse {unknown}
 h - 2 scrolls of enchant weapon {unknown}
 j - 2 scrolls of enchant armour {unknown}
 o - 3 scrolls of random uselessness {unknown}
 q - 2 scrolls of magic mapping {unknown}
 r - a scroll of amnesia {unknown}
 z - a scroll of teleportation {unknown}
 B - a scroll of acquirement {unknown}
Potions
 f - a potion of magic {unknown}
 g - a potion of cancellation {unknown}
 i - 2 potions of heal wounds
 k - a potion of agility
 p - a potion of might
 t - 2 potions of curing
 v - a potion of brilliance
 A - a potion of resistance {unknown}
Books
 b - a book of Changes

   Spells                             Type                      Level
   a - Beastly Appendage              Transmutation                1
   b - Sticks to Snakes               Transmutation                2
   c - Spider Form                    Transmutation/Poison         3
   d - Ice Form                       Ice/Transmutation            4
   e - Blade Hands                    Transmutation                5
Comestibles
 c - 10 rations


   Skills:
 - Level 1.0 Fighting
 - Level 2.0 Dodging
 - Level 7.1 Unarmed Combat
 - Level 6.0 Spellcasting
 - Level 7.3 Transmutations
 + Level 1.3 Ice Magic


You had 10 spell levels left.
You knew the following spells:

 Your Spells              Type           Power        Failure   Level  Hunger
a - Beastly Appendage     Tmut           ####..       3%          1    None
b - Sticks to Snakes      Tmut           ####....     4%          2    None
c - Spider Form           Tmut/Pois      ###.......   21%         3    ##.....
d - Ice Form              Ice/Tmut       ###.....     41%         4    ####...


Dungeon Overview and Level Annotations

Branches:
Dungeon (6/15)
 Temple: D:4-7

Altars:

Shops:
D:6 =

Annotations:
D:2 exclusion: downstairs
D:3 grindst0ne's ghost, amateur FoHu
D:4 lyrx's ghost, amateur FeTm


Innate Abilities, Weirdness & Mutations

You cannot wear most types of armour.
You are very stealthy in the water. (Stealth+)
((You are amphibious.))
You can wear up to eight rings at the same time.
((You can use your tentacles to constrict eight enemies at once.))
((Your skin changes colour to match your surroundings (Stealth+).))
((Your rubbery body absorbs attacks. (AC +1, EV +1)))


Message History

* * * LOW HITPOINT WARNING * * *
You hit the orc warrior but do no damage.
The orc warrior is lightly wounded.
The orc wizard mumbles some strange words.
The orc wizard flickers and vanishes!
Deactivating autopickup; reactivate with Ctrl-A.
Unknown command.
You hit the orc warrior.
The orc warrior is poisoned.
The orc warrior is lightly wounded.
The orc warrior barely misses you.
Unknown command.
You hit the orc warrior but do no damage.
The orc warrior is moderately wounded.
The orc warrior completely misses you.
Unknown command.
You hit the orc warrior but do no damage.
The orc warrior looks as sick as possible!
The orc warrior is moderately wounded.
The orc warrior hits you with a flail!!
You die...

..........÷......#
#######⌠.⌠######.#
#######.∩.######.####
.......⌠.⌠.)........#
.###############.#.##
.# #.#.# .# #<#.# .#
#.#.# .# #s#.# .#
#o#.# .# #{#.# .. #.#
.# #.# .# #)# o#
#......# #...#.##
#...#.#


You could see an orc warrior.

Vanquished Creatures
  Pikel (D:4)
  Menkaure (D:6)
  Edmund (D:6)
  A black bear (D:6)
  An orc warrior (D:4)
  4 slaves (D:3)
  A phantom (D:4)
  2 sky beasts (D:5)
  3 bullfrogs (D:6)
  2 howler monkeys
  A bullfrog skeleton (D:6)
  An orc wizard (D:4)
  2 worker ants
  Natasha (thrice) (D:2)
  2 adders
  8 river rats (D:5)
  An adder skeleton (D:4)
  4 dart slugs
  3 worms
  2 leopard geckos (D:5)
  25 orcs
  5 giant cockroaches
  9 hobgoblins
  14 jackals
  3 quokkas
  7 bats
  8 frilled lizards
  12 goblins
  8 kobolds
  A quokka zombie (D:5)
  24 rats
160 creatures vanquished.

Vanquished Creatures (others)
  A plant (D:6)
1 creature vanquished.

Grand Total: 161 creatures vanquished

Notes
Turn   | Place    | Note
-------+----------+-------------------------------------------
     0 | D:1      | buskinjo2 the Octopode Transmuter began the quest for the Orb.
     0 | D:1      | Reached XP level 1. HP: 13/13 MP: 3/3
   259 | D:1      | Reached XP level 2. HP: 14/18 MP: 5/5
   682 | D:1      | Reached XP level 3. HP: 22/23 MP: 6/6
  1267 | D:2      | Noticed Natasha
  1273 | D:2      | Killed Natasha
  1273 | D:2      | Reached XP level 4. HP: 23/28 MP: 7/7
  1364 | D:2      | Reached skill level 5 in Unarmed Combat
  1371 | D:2      | Learned a level 2 spell: Sticks to Snakes
  1375 | D:2      | Learned a level 3 spell: Spider Form
  1507 | D:2      | Noticed Natasha
  1522 | D:2      | Killed Natasha
  1794 | D:2      | Noticed Natasha
  1799 | D:2      | Killed Natasha
  1799 | D:2      | Reached XP level 5. HP: 23/33 MP: 8/8
  2904 | D:3      | Noticed grindst0ne's ghost (amateur FoHu)
  3377 | D:4      | Noticed a phantom
  3453 | D:4      | Killed a phantom
  3453 | D:4      | Reached XP level 6. HP: 7/38 MP: 7/9
  3484 | D:4      | Noticed lyrx's ghost (amateur FeTm)
  4217 | D:4      | Noticed a slave
  4217 | D:4      | Noticed a slave
  4217 | D:4      | Noticed a slave
  4217 | D:4      | Noticed a slave
  4219 | D:4      | Noticed Pikel
  4436 | D:4      | Noticed an orc warrior
  4517 | D:3      | Killed a slave
  5157 | D:3      | Killed a slave
  5534 | D:3      | Killed a slave
  5541 | D:3      | Killed a slave
  5766 | D:4      | Killed Pikel
  5766 | D:4      | Reached skill level 5 in Spellcasting
  5766 | D:4      | Reached XP level 7. HP: 9/43 MP: 7/15
  6317 | D:4      | Reached XP level 8. HP: 29/48 MP: 13/17
  6442 | D:5      | Entered Level 5 of the Dungeon
  6735 | D:4      | HP: 2/48 [lyrx's ghost (13)]
  8119 | D:6      | Found Kumuysch's Jewellery Boutique.
  8120 | D:6      | Reached skill level 5 in Transmutations
  8194 | D:6      | Noticed Edmund
  8206 | D:6      | Killed Edmund
  8216 | D:6      | Noticed Menkaure
  8228 | D:6      | Killed Menkaure
  8228 | D:6      | Reached XP level 9. HP: 37/53 MP: 14/18
  8276 | D:6      | Learned a level 4 spell: Ice Form
  8429 | D:6      | Reached skill level 1 in Ice Magic
  8482 | D:6      | Slain by an orc warrior

Skill      XL: |  1  2  3  4  5  6  7  8  9 |
---------------+----------------------------+-----
Unarmed Combat | 4 5 6 7 |  7.1
Spellcasting   | 5 6 |  6.0
Transmutations | 6 7 |  7.3
Ice Magic      | 1 |  1.3
Fighting       | |  1.0
Dodging        | |  2.0

Action                   |  1- 3 |  4- 6 |  7- 9 || total
-------------------------+-------+-------+-------++-------
Melee: Unarmed           |    69 |   197 |   172 ||   438
       Constrict         |    18 |    34 |    20 ||    72
       Tentacles         |    11 |    26 |    10 ||    47
       Punch             |     1 |     6 |     1 ||     8
       Kick              |       |     3 |       ||     3
 Cast: Beastly Appendage |       |     3 |     3 ||     6
       Spider Form       |       |     3 |    16 ||    19
  Use: Scroll            |       |       |     5 ||     5
 Stab: Sleeping          |     5 |     6 |     1 ||    12
       Distracted        |       |     1 |     1 ||     2
  Eat: Chunk             |     1 |    12 |     5 ||    18
       Ration            |       |     1 |     1 ||     2
Armor: Skin              |    12 |    13 |    12 ||    37
Dodge: Dodged            |    48 |   111 |    89 ||   248
Block: Other             |       |       |    11 ||    11
